 Dungeon Crawl Stone Soup version 0.29.0-13-gc9e81de378 (webtiles) character file.

Game seed: 2581426282736771316

79 trckry the Trooper (level 4, 0/36 HPs)
             Began as a Vampire Wanderer on Sept 7, 2022.
             Succumbed to an adder's poison
             ... on level 2 of the Dungeon.
             The game lasted 00:03:58 (1599 turns).

trckry the Trooper (Vampire Wanderer)               Turns: 1599, Time: 00:03:59

Health: 0/36       AC:  4    Str: 12    XL:     4   Next: 16%
Magic:  7/7        EV: 11    Int: 18    God:
Gold:   64         SH:  0    Dex: 10    Spells: 6/7 levels left

rFire   . . .      SeeInvis +   f - +0 spear
rCold   . . .      Faith    .   (no shield)
rNeg    . . .      Spirit   .   d - +0 robe
rPois   .          Reflect  .   (no helmet)
rElec   .          Harm     .   c - +1 cloak
rCorr   .          Rampage  .   (no gloves)
Will    .....                   (no boots)
Stlth   +.........              (no amulet)
HPRegen 0.32/turn               (no ring)
MPRegen 0.10/turn               (no ring)

@: lethally poisoned (0 -> -10), healing quickly
A: alive, fangs 3, see invisible, vampiric 2
a: Exsanguinate


You were on level 2 of the Dungeon.
You visited 1 branch of the dungeon, and saw 2 of its levels.

You collected 64 gold pieces.

Inventory:

Hand Weapons
 a - a +0 dagger
 f - a +0 spear (weapon)
Missiles
 b - 9 poisoned darts (quivered)
 e - 2 throwing nets
Armour
 c - a +1 cloak (worn)
 d - a +0 robe (worn)
Scrolls
 g - a scroll of enchant armour {unknown}
 k - 3 scrolls of identify {unknown}
 l - a scroll of vulnerability {unknown}
 n - a scroll of teleportation {unknown}
Potions
 h - a potion of berserk rage {unknown}
 i - a potion of curing {unknown}
 j - a potion of might {unknown}
 m - 4 potions of heal wounds {unknown}
 o - a potion of degeneration {unknown}


   Skills:
 + Level 3.6 Fighting
 - Level 1.5 Throwing
 - Level 1.1 Dodging
 - Level 2.0 Spellcasting
 - Level 1.5 Translocations
 - Level 2.1 Transmutations


You had 6 spell levels left.
You knew the following spells:

 Your Spells              Type           Power      Damage    Failure   Level
a - Apportation           Tloc           14%        N/A       10%         1

Your spell library contained the following spells:

 Spells                   Type           Power      Damage    Failure   Level
 Wereblood                Tmut           9%         N/A       11%         2
 Passwall                 Tmut/Erth      4%         N/A       17%         2
 Portal Projectile        Hex/Tloc       8%         N/A       36%         3
 Iskenderun's Mystic Bla  Conj/Tloc      4%         2d3       78%         4


Dungeon Overview and Level Annotations

Branches:
Dungeon (2/15) Zot: 10379

Altars:


Innate Abilities, Weirdness & Mutations

Your natural rate of healing is accelerated.
You have razor-sharp teeth.
You have supernaturally acute eyesight. (SInv)
You are afflicted with vampirism and can become a bat while bloodless.


Message History

The ball python attacks as you move away!
The ball python closely misses you. x2; You feel sick.
The ball python bites you. The ball python grabs you.
The ball python constricts you.
You take 4 damage, and have 23/36 hp.
You barely miss the ball python.
You feel sick. The ball python loses its grip on you.
You take 2 damage, and have 21/36 hp.
You barely miss the adder.
The adder is moderately wounded.
You feel sick. The adder bites you but does no damage.
You miss the adder.
The adder is moderately wounded.
You feel sick. The adder barely misses you. The adder bites you.
You are more poisoned.
The adder poisons you!
You take 2 damage, and have 19/36 hp.
You hit the adder.
The adder is heavily wounded.
You feel sick. The adder bites you but does no damage.
You take 2 damage, and have 17/36 hp.
You hit the adder.
The adder is heavily wounded.
You feel sick. The adder bites you.
You are more poisoned.
The adder poisons you!
You take 3 damage, and have 14/36 hp.
You barely miss the adder.
The adder is heavily wounded.
You feel very sick. The adder bites you.
* * * LOW HITPOINT WARNING * * *
The adder bites you.
* * * LOW HITPOINT WARNING * * *
You are more poisoned.
The adder poisons you!
You take 11 damage, and have 3/36 hp.
MASSIVE DAMAGE!!
You hit the adder.
The adder is almost dead.
You die...

#.####.......#..
.....##.########
#.......######
####............###
..##.#.#[......... #
#.##.#......##.###
#.##.##.###..........
#.......###.##.##.###
####@##.....##.##.#
###S######.......#
#..S...# ###...###
#......# #...#
#.#.##.#####...#####
#....##.#...........#
#..#.................
#..#.##.#...........#
#. .....####....#.###


You could see an adder and a ball python.

Vanquished Creatures
  An iguana (D:2)
  2 adders (D:2)
  3 endoplasms
  A giant cockroach (D:1)
  3 goblins (D:1)
  6 hobgoblins
  3 quokkas
  3 ball pythons (D:1)
  A bat (D:1)
  3 kobolds (D:1)
  8 rats
34 creatures vanquished.

Notes
Turn   | Place    | Note
-------+----------+-------------------------------------------
     0 | D:1      | trckry the Vampire Wanderer began the quest for the Orb.
     0 | D:1      | trckry set off with the following items: a +0 dagger, 10
                  | poisoned darts, a potion of lignification, a +0 robe; and
                  | the following spell memorised: Apportation; and the
                  | following spells available to memorise: Wereblood,
                  | Passwall, Portal Projectile, Iskenderun's Mystic Blast.
     0 | D:1      | Reached XP level 1. HP: 16/16 MP: 2/2
   218 | D:1      | Reached skill level 2 in Fighting
   414 | D:1      | Reached XP level 2. HP: 17/22 MP: 2/4
   580 | D:1      | Found a faded altar of an unknown god.
  1194 | D:2      | Gained mutation: You are afflicted with vampirism and can
                  | become a bat while bloodless. [Vampire growth]
  1194 | D:2      | Reached XP level 3. HP: 12/28 MP: 6/6
  1313 | D:2      | Reached skill level 3 in Fighting
  1317 | D:2      | HP: 4/29 [poisoned by an adder]
  1453 | D:2      | Reached XP level 4. HP: 23/36 MP: 7/7
  1598 | D:2      | HP: 3/36 [adder (4)]
  1599 | D:2      | Succumbed to an adder's poison

Illustrated notes

Levels and vault maps discovered:
D:1:      lightli_arrival_chessboard, layout_loops_ring,
          serial_co_window_serial, co_window_paths_a,
          co_window_of_opportunity_a, co_window_paths_a, co_window_corner_a,
          co_window_of_opportunity_a, co_window_2corner, co_window_corner_ca,
          co_window_broadway_a, co_window_corner_b, co_window_4corner_b,
          shapermc_ecumenical_altar_mp_ritualfount, serial_bayou_crossing
D:2:      layout_loops_cross, uniq_jessica

Skill      XL: |  1  2  3 |
---------------+----------+-----
Fighting       | 2 3 |  3.6
Spellcasting   | 2 |  2.0
Throwing       | |  1.5
Dodging        | |  1.1
Translocations | |  1.5
Transmutations | |  2.1

Action                   |  1- 3 |  4- 6 || total
-------------------------+-------+-------++-------
Melee: Spear             |   130 |    19 ||   149
       Bite              |    12 |     1 ||    13
Throw: Dart              |     7 |       ||     7
  Use: Potion            |     1 |       ||     1
 Stab: Distracted        |     1 |       ||     1
       Sleeping          |     1 |       ||     1
Armor: Robe              |    19 |     8 ||    27
       Skin              |    18 |       ||    18
Dodge: Dodged            |    57 |    17 ||    74
